Map: Ley Lines

Players

kvas

  • Race: Protoss Protoss
  • League: Diamond
  • Spawn Location: 7:00

AIeasy - Winner!

  • Race: Protoss Protoss
  • Spawn Location: 1:00

VOD

Have the link to the VOD?

Description

Time

  • Played on: Jan. 27, 2025, 1:53 a.m.
  • Length: 10:25
Show
View Real Time Build Order
Export as new Build Order

kvas Protoss 

Build Orders: Oracle Opening 

Get SALT Encoding   

  12  0:02  Probe  
  13  0:13  Probe  
  13  0:14  Pylon  
  14  0:22  Probe  
  15  0:36  Gateway  
  15  0:45  Probe  
  16  0:52  Assimilator  
  16  0:59  Assimilator  
  16  1:01  Pylon  
  16  1:07  Assimilator  
  16  1:11  Probe  
  17  1:23  Probe  
  18  1:36  Cybernetics Core  
  18  2:01  Nexus  
  18  2:05  Probe  
  19  2:12  Pylon  
  19  2:17  Stalker  
  21  2:27  Probe  
  22  2:40  Stargate  
  22  2:45  Probe  
  23  2:57  Probe  
  24  3:01  Stalker  
  24  3:26  Oracle  
  23  3:30  Probe x2  
  25  3:36  Stalker  
  30  3:44  Probe  
  30  3:46  Probe  
  32  3:56  Probe  
  32  3:58  Probe  
  34  4:03  Pylon  
  34  4:07  Stalker  
  34  4:16  Probe  
  36  4:17  Probe  
  36  4:22  Shield Battery  
  38  4:25  Probe  
  38  4:29  Probe  
  40  4:33  Probe  
  41  4:46  Stalker  
  47  5:01  Void Ray  
  47  5:04  Stalker  
  47  5:09  Gateway  
  47  5:20  Probe  
  49  5:23  Forge, Probe  
  49  5:24  Pylon  
  49  5:28  Probe  
  51  5:34  Stalker  
  52  5:41  Probe  
  59  5:45  Probe  
  59  5:48  Void Ray  
  60  5:53  Probe  
  61  5:57  Fleet Beacon  
  61  6:01  Sentry  
  58  6:15  Stalker  
  60  6:21  Probe x2  
  62  6:35  Probe x2, Stalker  
  62  6:42  Stalker  
  62  6:46  Photon Cannon  
  58  6:56  Tempest  
  54  7:02  Stalker  
  60  7:18  Photon Cannon  
  60  7:20  Shield Battery  
  60  7:21  Stalker  
  61  7:43  Pylon  
  61  7:45  Assimilator  
  61  7:49  Assimilator  
  61  7:54  Protoss Shields Level 1  
  61  7:58  Stalker  
  61  8:01  Tempest  
  61  8:05  Pylon  
  67  8:18  Photon Cannon  
  67  8:21  Photon Cannon  
  67  8:34  Pylon  
  67  8:46  Tempest  
  71  8:53  Stalker x2  
  75  9:08  Stargate  
  67  9:21  Stalker x2  
  57  9:33  Void Ray  
  31  10:00  Probe  
  32  10:08  Probe  
Show
View Real Time Build Order
Export as new Build Order

AIeasy Protoss - Winner!

Build Orders: Blink Stalkers 

Get SALT Encoding   

  12  0:00  Probe  
  13  0:12  Probe  
  14  0:17  Pylon  
  14  0:23  Probe  
  15  0:31  Probe  
  15  0:39  Probe, Gateway  
  16  0:45  Assimilator  
  17  0:51  Probe  
  18  1:00  Probe  
  18  1:04  Pylon  
  19  1:08  Probe  
  19  1:17  Probe  
  21  1:25  Cybernetics Core  
  21  1:28  Zealot  
  21  1:29  Probe  
  24  1:41  Probe  
  25  1:54  Probe  
  25  2:01  Pylon, Adept  
  26  2:05  Warp Gate  
  28  2:20  Nexus  
  28  2:21  Stalker  
  28  2:28  Probe  
  31  2:40  Probe  
  31  2:42  Twilight Council  
  32  2:52  Probe  
  33  3:04  Probe  
  33  3:05  Assimilator  
  34  3:16  Probe  
  35  3:21  Blink  
  35  3:24  Shield Battery  
  33  3:28  Probe  
  33  3:29  Gateway  
  33  3:31  Gateway  
  34  3:34  Probe  
  34  3:37  Probe  
  36  3:43  Probe  
  36  3:45  Shield Battery, Probe  
  37  3:53  Stalker  
  40  3:59  Probe x2  
  42  4:11  Probe x2  
  44  4:18  Pylon x2, Stalker  
  44  4:19  Probe  
  44  4:23  Probe  
  48  4:27  Probe  
  48  4:29  Assimilator  
  49  4:33  Forge  
  49  4:41  Pylon, Stalker x2  
  49  4:44  Stalker  
  54  4:48  Probe x2  
  55  4:58  Protoss Ground Weapons Level 1  
  55  5:07  Stalker  
  55  5:10  Nexus  
  55  5:11  Probe  
  55  5:13  Probe  
  59  5:19  Shield Battery  
  59  5:23  Probe  
  59  5:24  Stalker  
  62  5:28  Stalker  
  62  5:31  Stalker  
  66  5:35  Probe  
  66  5:36  Probe  
  66  5:41  Charge  
  68  5:47  Probe  
  68  5:48  Probe, Stalker  
  72  5:54  Pylon  
  72  5:55  Probe, Stalker  
  74  6:00  Probe  
  70  6:12  Stalker x2  
  72  6:20  Probe x2  
  74  6:29  Probe  
  74  6:31  Stalker  
  74  6:32  Probe x2  
  77  6:41  Probe  
  77  6:43  Gateway  
  77  6:44  Gateway, Probe  
  77  6:46  Protoss Ground Weapons Level 2  
  79  6:47  Gateway  
  79  6:58  Stalker x3  
  75  7:10  Assimilator  
  75  7:17  Gateway  
  75  7:19  Gateway  
  75  7:20  Gateway  
  75  7:22  Photon Cannon, Nexus  
  75  7:24  Gateway  
  75  7:25  Pylon  
  75  7:28  Photon Cannon x2  
  75  7:37  Stalker x2  
  75  7:38  Stalker  
  82  7:44  Probe x3  
  82  7:47  Photon Cannon  
  82  7:50  Shield Battery  
  84  7:52  Probe x2  
  84  7:53  Probe  
  87  8:00  Probe x2  
  87  8:01  Probe  
  90  8:06  Stalker x2  
  90  8:10  Probe x3  
  95  8:13  Templar Archives  
  95  8:15  Stalker  
  95  8:16  Stalker  
  101  8:22  Probe x2  
  101  8:23  Probe  
  104  8:27  Stalker  
  104  8:28  Stalker  
  108  8:35  Pylon  
  108  8:38  Pylon x2  
  108  8:44  Stalker  
  108  8:45  Stalker x2  
  108  8:47  Stalker  
  116  8:56  Stalker x4  
  116  9:00  Stalker  
  116  9:02  Stalker  
  120  9:20  Stalker  
  120  9:21  Stalker x7  
  128  9:35  Stalker x2  
  130  9:47  Stalker x5  
  130  9:48  Stalker x2  
  142  10:00  Robotics Facility  
  142  10:02  Nexus  
  142  10:03  Pylon, Zealot  
  142  10:04  Zealot x2  
  148  10:08  Pylon  
  148  10:10  Pylon  
  148  10:12  Pylon  
  148  10:13  Pylon  
Tags
 
Composition
Blink Stalkers
League
Diamond
Matchup
PvP
Spawn Locations
Cross Positions
Add a new tag
Caveats
  • Supply blocks, unpowered buildings, or Contaminate may cause inaccurate times.
  • Supply counts are checked every 10 seconds.